 Dungeon Crawl Stone Soup version 0.30-a0-830-gfe289a77b0 (webtiles) character file.

Game seed: 11715683033530004696

109 zenocrate the Shooter (level 4, -15/34 HPs)
             Began as a Barachi Hunter on Feb 28, 2023.
             Demolished by a gnoll
             ... wielding a +0 heavy halberd
              (25 damage)
             ... on level 3 of the Dungeon.
             The game lasted 00:01:35 (1545 turns).

zenocrate the Shooter (Barachi Hunter)              Turns: 1545, Time: 00:01:35

Health: -15/34     AC:  3    Str: 12    XL:     4   Next: 89%
Magic:  4/4        EV: 12    Int:  9    God:
Gold:   93         SH:  0    Dex: 24    Spells: 3/3 levels left

rFire   . . .      SeeInvis .    a - +0 shortbow
rCold   . . .      Faith    .    (shield currently unavailable)
rNeg    . . .      Spirit   .    c - +0 leather armour
rPois   .          Reflect  .    (no helmet)
rElec   .          Harm     .    (no cloak)
rCorr   .          Rampage  .    (no gloves)
Will    .....                    (no boots)
Stlth   ++                       (no amulet)
HPRegen 0.25/turn                h - +6 ring of dexterity
MPRegen 0.09/turn                (no ring)

@: unable to hop, slow
A: amphibious, slowness 1, strong legs 1, +LOS
a: Hop


You were on level 3 of the Dungeon.
You visited 1 branch of the dungeon, and saw 3 of its levels.

You collected 93 gold pieces.

Inventory:

Hand Weapons
 a - a +0 shortbow (weapon)
Missiles
 n - a throwing net
Armour
 c - a +0 leather armour (worn)
Jewellery
 h - a +6 ring of dexterity (left hand)
Scrolls
 b - a scroll of immolation
 d - a scroll of fear {unknown}
 e - 2 scrolls of poison {unknown}
 f - 2 scrolls of torment
 g - 2 scrolls of blinking {unknown}
 j - 2 scrolls of identify
 o - a scroll of vulnerability {unknown}
Potions
 i - a potion of attraction
 k - a potion of might {unknown}
 l - a potion of invisibility {unknown}
 m - a potion of flight {unknown}


   Skills:
 - Level 2.4 Fighting
 + Level 6.1 Ranged Weapons
 - Level 2.1 Dodging
 - Level 0.8 Stealth


You had 3 spell levels left.
You didn't know any spells.
Your spell library was empty.

Dungeon Overview and Level Annotations

Branches:
Dungeon (3/15)

Altars:


Innate Abilities, Weirdness & Mutations

You are amphibious.
You cover ground slowly.
You can hop short distances.
You have an extended range of vision and can be seen from far away.


Message History

The arrow hits the gnoll.
The gnoll is heavily wounded.
The gnoll barely misses you.
You shoot an arrow. The arrow closely misses the gnoll.
You shoot an arrow. The arrow barely misses the gnoll.
The gnoll hits you with a +1 heavy flail!
You shoot an arrow. The arrow hits the gnoll.
The gnoll is severely wounded.
The gnoll barely misses you.
Hop to where?
Press: ? - help, Dir - move target, p - gnoll Boing!
Your legs are too worn out to hop.
Your legs are too worn out to hop.
Unknown command.
Unknown command.
You feel agile.
h - a +6 ring of dexterity (left hand) Fire: a) +0 shortbow
Press: ? - help, Q - select action, (/) - cycle Shift-Dir - straight line, f - gnoll
Aim: a gnoll, wielding a +0 flail (71% to hit)
You shoot an arrow. The arrow hits the gnoll!
The gnoll is severely wounded.
Unknown command.
Fire: a) +0 shortbow
Press: ? - help, Q - select action, (/) - cycle Shift-Dir - straight line, f/p - gnoll
Aim: a gnoll, wielding a +0 flail (severely wounded, 71% to hit)
Okay, then.
You shoot an arrow.
The arrow hits the gnoll but does no damage.
The gnoll is severely wounded.
The gnoll hits you with a +1 heavy flail!
The gnoll hits you but does no damage.
You shoot an arrow. The arrow hits the gnoll!
You kill the gnoll!
The gnoll hits you with a +0 flail!
* * * LOW HITPOINT WARNING * * *
The gnoll hits you from afar with a +0 heavy halberd!!
Ouch! That really hurt!
You die...

...................# .).
...................# ..$
..........#####....##.# #.#
#####.......###..#....#...#
###.###..##...#.....###
#.####....#.........#
#..###.#..........#..
##........g)g........
#.##.....@..........
#.##.............#.#
#.##................
#................>..
#..##.#...##........
#..##.###......!....
##..##)# ##......(.
#...##.###.........
##.#.....>..#.......


You could see 2 gnolls.

Vanquished Creatures
  2 gnolls (D:3)
  2 adders (D:2)
  2 worms
  3 dart slugs
  4 orcs
  5 ball pythons
  8 endoplasms
  5 giant cockroaches
  9 goblins
  6 hobgoblins
  A quokka (D:1)
  5 bats
  2 frilled lizards (D:1)
  4 kobolds
  6 rats
64 creatures vanquished.

Notes
Turn   | Place    | Note
-------+----------+-------------------------------------------
     0 | D:1      | zenocrate the Barachi Hunter began the quest for the Orb.
     0 | D:1      | Reached XP level 1. HP: 17/17 MP: 1/1
    96 | D:1      | Reached XP level 2. HP: 22/23 MP: 2/2
   395 | D:1      | Reached XP level 3. HP: 28/28 MP: 3/3
   483 | D:1      | Reached skill level 5 in Ranged Weapons
   801 | D:2      | Reached XP level 4. HP: 34/34 MP: 4/4
  1485 | D:3      | Reached skill level 6 in Ranged Weapons
  1545 | D:3      | Demolished by a gnoll

Illustrated notes

Levels and vault maps discovered:
D:1:      dpeg_arrival_refuge, layout_loops_cross, minmay_misc_feat_rugged,
          minmay_stone_trees_medium
D:2:      layout_loops_cross, guppyfry_early_orc_mine
D:3:      layout_rooms, demons_altar, minitemple, portal_sewer_entry_f,
          corexii_leaking_fountain

Skill      XL: |  1  2  3  4 |
---------------+-------------+-----
Ranged Weapons | 5 6 |  6.1
Fighting       | |  2.4
Dodging        | |  2.1
Stealth        | |  0.8

Action                     |  1- 3 |  4- 6 || total
---------------------------+-------+-------++-------
   Fire: Shortbow          |    87 |    68 ||   155
Ability: Hop               |       |     1 ||     1
    Use: Scroll            |       |     2 ||     2
 Armour: Leather armour    |     7 |     2 ||     9
  Dodge: Dodged            |    20 |    18 ||    38

Table legend: (Time is in decaauts)
 A = Elapsed time spent in this place.
 B = Non-inter-level travel time spent in this place.
 C = Inter-level travel time spent in this place.
 D = Time resting spent in this place.
 E = Time spent auto-exploring this place.
 F = Levels seen in this place.
 G = Mean time per level.
                   A        B        C        D        E       F      G
               +--------+--------+--------+--------+--------+-----+--------+
         Total |   1807 |   1746 |     61 |      0 |   1429 |   3 |  602.3 |
       Dungeon |   1807 |   1746 |     61 |      0 |   1429 |   3 |  602.3 |
               +--------+--------+--------+--------+--------+-----+--------+

Top non-repeatable levels by time:
     D:2: 868 daAuts
     D:1: 790 daAuts
     D:3: 148 daAuts
